 Dungeon Crawl Stone Soup version 0.30-a0-462-gd5975efbca (webtiles) character file.

Game seed: 8359482249940052283

336618 MackTheKnife the Imperceptible (level 20, -1/167 HPs)
             Began as a Vampire Enchanter on Dec 15, 2022.
             Was the Champion of Dithmenos.
             Slain by a spriggan defender
             ... wielding a +5 lajatang of pain
              (35 damage)
             ... on level 2 of the Depths on Dec 16, 2022.
             The game lasted 02:09:09 (48665 turns).

MackTheKnife the Imperceptible (Vampire Enchanter) Turns: 48665, Time: 02:09:09

Health: -1/167     AC: 12    Str:  7      XL:     20   Next: 99%
Magic:  35/35      EV: 24    Int: 27 (28) God:    Dithmenos [******]
Gold:   2020       SH:  0    Dex: 32      Spells: 0/41 levels left

rFire   . . .      SeeInvis +    a - +9 rapier (venom) {short}
rCold   + + .      Faith    .    (no shield)
rNeg    . . .      Spirit   .    y - +1 steam dragon scales
rPois   .          Reflect  .    R - +1 hat {Int+3}
rElec   .          Harm     .    o - +0 cloak
rCorr   .          Rampage  .    F - +2 pair of gloves {Stlth+}
Will    +++..                    P - +0 pair of boots of Autotheism {rC+ Int+4} Stlth ##********
                                 O - amulet "Kuwkau Soda" {Acrobat Will+ Dex+4}
HPRegen 0.67/turn                A - +6 ring of dexterity
MPRegen 0.24/turn                v - ring of protection from cold

@: healing quickly, wreathed by umbra
A: alive, fangs 3, see invisible, vampiric 2, horns 2, thin skeletal structure
1, deterioration 1
}: 2/15 runes: serpentine, barnacled
a: Exsanguinate, Renounce Religion, Shadow Step, Shadow Form


You were on level 2 of the Depths.
You worshipped Dithmenos.
Dithmenos was exalted by your worship.
You visited 9 branches of the dungeon, and saw 41 of its levels.
You also visited: Bailey, Ice Cave and Volcano.

You collected 5761 gold pieces.
You spent 3741 gold pieces at shops.


Innate Abilities, Weirdness & Mutations

Your natural rate of healing is accelerated.
You have razor-sharp teeth.
You have supernaturally acute eyesight. (SInv)
You are afflicted with vampirism and can become a bat while bloodless.
You have a pair of horns on your head.
You have a somewhat thin skeletal structure. (Dex +2, Stealth+)
Your body sometimes deteriorates upon taking damage.


   Skills:
 - Level 16.9 Fighting
 - Level 14.4 Short Blades
 - Level 10.4 Dodging
 - Level 24.5 Stealth
 - Level 14.9 Unarmed Combat
 - Level 11.0 Spellcasting
 - Level 5.4 Conjurations
 - Level 12.7 Hexes
 + Level 6.0 Necromancy
 - Level 14.1 Transmutations
 - Level 6.2 Earth Magic
 - Level 7.6 Evocations


You couldn't memorise any spells.
You knew the following spells:

 Your Spells              Type           Power      Damage    Failure   Level
a - Ensorcelled Hibernat  Hex/Ice        98%        N/A       1%          2
b - Confusing Touch       Hex            70%        N/A       1%          3
c - Tukima's Dance        Hex            70%        N/A       1%          3
d - Irradiate             Conj/Tmut      30%        3d21      1%          5
e - Dragon Form           Tmut           37%        N/A       10%         7
f - Wereblood             Tmut           75%        N/A       1%          2
g - Statue Form           Tmut/Erth      42%        N/A       9%          6
h - Leda's Liquefaction   Hex/Erth       30%        N/A       1%          4
i - Ozocubu's Armour      Ice            14%        N/A       12%         3
j - Death Channel         Necr           23%        N/A       45%         6

Your spell library contained the following spells:

 Spells                   Type           Power      Damage    Failure   Level
 Beastly Appendage        Tmut           100%       N/A       0%          1
 Necrotise                Necr           100%       1d9       1%          1
 Slow                     Hex            100%       N/A       1%          1
 Dazzling Flash           Conj/Hex       100%       N/A       1%          3
 Ignite Poison            Fire/Tmut/Pois 40%        N/A       1%          3
 Inner Flame              Hex/Fire       49%        N/A       1%          3
 Portal Projectile        Hex/Tloc       98%        N/A       1%          3
 Spider Form              Tmut/Pois      52%        N/A       1%          3
 Vampiric Draining        Necr           47%        2d9       1%          3
 Blade Hands              Tmut           37%        N/A       1%          5
 Cigotuvi's Dreadful Rot  Necr/Pois/Air  50%        N/A       2%          2
 Apportation              Tloc           28%        N/A       3%          1
 Summon Small Mammal      Summ           56%        N/A       3%          1
 Animate Dead             Necr           47%        N/A       3%          4
 Alistair's Intoxication  Tmut/Pois      34%        N/A       6%          5
 Metabolic Englaciation   Hex/Ice        24%        N/A       8%          5
 Lee's Rapid Deconstruct  Erth           24%        3d13*     9%          5
 Kindle Blastsparks       Fire/Tloc/Air  28%        2d12      12%         3
 Flame Wave               Conj/Fire      29%        2d9       13%         4
 Iskenderun's Mystic Bla  Conj/Tloc      29%        2d7       13%         4
 Sticky Flame             Conj/Fire      29%        2d5       13%         4
 Summon Lightning Spire   Summ/Air       14%        N/A       36%         4
 Freezing Cloud           Conj/Ice/Air   12%        6-21      45%         5
 Simulacrum               Ice/Necr       15%        N/A       86%         6
 Storm Form               Tmut/Air       26%        N/A       87%         7
 Starburst                Conj/Fire      14%        6d6       89%         6
 Maxwell's Capacitive Co  Air            7%         โˆž       100%        8

Inventory:

Hand Weapons
 a - a +9 rapier of venom (weapon) {short}
   (You found it on level 8 of the Dungeon)
 S - a +1 double sword of protection {longrare=g}
   (You bought it in a shop on level 2 of the Orcish Mines)
Armour
 o - a +0 cloak (worn)
   (You bought it in a shop on level 10 of the Dungeon)
 y - +1 steam dragon scales (worn)
   (You found it on level 6 of the Dungeon)
 F - a +2 pair of gloves of stealth (worn)
   (You found it on level 1 of the Lair of Beasts)
 P - the +0 pair of boots of Autotheism (worn) {rC+ Int+4}
   (You bought it in a shop on level 1 of the Snake Pit)

   Int:       It affects your intelligence (+4).
   rC:        It protects you from cold.
 R - a +1 hat of intelligence (worn)
   (You bought it in a shop on level 1 of the Snake Pit)
Jewellery
 b - a +4 ring of slaying
   (You found it on level 9 of the Dungeon)
 n - a ring of positive energy
   (You found it on level 6 of the Dungeon)
 v - a ring of protection from cold (right hand)
   (You bought it in a shop on level 1 of the Snake Pit)
 A - a +6 ring of dexterity (left hand)
   (You bought it in a shop on level 2 of the Orcish Mines)
 J - a ring of poison resistance
   (You found it on level 9 of the Dungeon)
 O - the amulet "Kuwkau Soda" (around neck) {Acrobat Will+ Dex+4}
   (You bought it in a shop on level 1 of the Snake Pit)

   [amulet of the acrobat]

   It increases your evasion while moving and waiting.
   Dex:       It affects your dexterity (+4).
   Will:      It increases your willpower.
Wands
 x - a wand of digging (14)
   (You found it on level 13 of the Dungeon)
 D - a wand of polymorph (4)
   (You found it on level 4 of the Snake Pit)
 E - a wand of mindburst (15)
   (You found it on level 4 of the Shoals)
 L - a wand of iceblast (6)
   (You found it on level 1 of the Lair of Beasts)
 N - a wand of flame (33)
   (You found it on level 1 of the Depths)
 Q - a wand of paralysis (15)
   (You found it on level 7 of the Dungeon)
Scrolls
 e - 7 scrolls of butterflies
 g - 4 scrolls of fear
 h - 15 scrolls of identify {@r1}
 l - 2 scrolls of blinking {!r}
 m - 4 scrolls of fog
 p - a scroll of enchant weapon
 q - 3 scrolls of immolation {!r!r}
 s - 11 scrolls of teleportation {@r4}
 t - 4 scrolls of poison {!r}
 B - 4 scrolls of amnesia
 H - 3 scrolls of magic mapping {!r}
 W - a scroll of enchant armour
Potions
 c - 5 potions of invisibility
 d - 12 potions of lignification {!q}
 f - 9 potions of haste {@q3}
 i - 9 potions of brilliance
 j - 3 potions of resistance
 k - 6 potions of flight
 u - 3 potions of berserk rage {!q}
 z - 3 potions of might
 G - 8 potions of heal wounds {@q2}
 I - 11 potions of curing {@q1}
 K - 5 potions of magic
 M - 7 potions of attraction {!q}
 T - 5 potions of cancellation
 V - 9 potions of mutation {!q}
Miscellaneous
 w - a phantom mirror
   (You found it on level 13 of the Dungeon)
 C - a condenser vane
   (You found it in an ice cave)

Dungeon Overview and Level Annotations

Branches:
Dungeon (15/15) Zot: 24775  Temple (0/1) D:6            Lair (5/5) D:9 Zot: 23933
 Shoals (4/4) Lair:3 Zot: 20462   Snake (4/4) Lair:2 Zot: 17673   Slime (0/5) Lair:5
    Orc (2/2) D:12 Zot: 9366     Elf (3/3) Orc:2 Zot: 14445  Vaults (4/5) D:13 Zot: 16671
  Crypt (0/3) Vaults:2     Depths (3/4) D:15 Zot: 16227    Hell (visited)
 Bailey (visited)           IceCv (visited)         Volcano (visited)
    Dis: Hell:1         Geh: Hell:1         Coc: Hell:1         Tar: Hell:1

Altars:
Dithmenos
Gozag
Kikubaaqudgha
Makhleb
Nemelex Xobeh
Okawaru
Trog
Vehumet
Xom

Shops:
D:7 (   D:10 [   D:11 ?   Orc:2 *!=(   Elf:1 (:!   Elf:2 (   Shoals:4 *
Snake:1 **=[![?   Snake:2 *   Vaults:1 *   Depths:3 (

Portals:
Hell: Depths:1 Depths:2
Abyss: Depths:1
Ziggurat: Depths:1
Trove: Depths:1 (give 16 scrolls of teleportation)

Annotations:
D:9 exclusions: 2 acid dragons, two-headed ogre and 1 more exclusion
D:11 2 exclusions
Lair:5 exclusion: obsidian statue
Shoals:2 Ilsuiw
Snake:1 Roxanne
Elf:2 3 runed translucent doors
Vaults:2 exclusion: door
Depths:2 exclusion: 2 spark wasps
Depths:3 Louise
Hell Geryon

). #..# # .
#..#.# .##...#!#
. ##.......##
..## .....i...##
#...#.........##
#..ยงh....>...#
#..@i......>#
#.ยงยงiip.....#
#...i.......#
#..^.#.......#
#.#..#......##
#.#.#.#.p..## #
.. .#...## .#
.##..# #..#


You could see 2 spriggan defenders, 2 hell knights, a spriggan rider, a spriggan
berserker (regenerating, strong-willed), a spriggan air mage (repels missiles)
and a polar bear (summoned, berserk).


Message History

๐Ÿ˜จ HP[+14]
You regained 14 hp, and now have 115/250 hp.
You start resting.
Your transformation is almost over.
You start to feel less resistant. ๐Ÿ˜จ HP[+5]
You regained 5 hp, and now have 120/250 hp.
Unknown command.
You start resting.
Your resistance to elements expires. ๐Ÿ˜จ HP[+5]
You regained 5 hp, and now have 125/250 hp.
You start resting.
A glowing orange brain is nearby! ๐Ÿ˜ฎ HP[+1] Unknown command.
Unknown command.
Your transformation has ended.
Your +9 rapier of venom {short} unmelds from your body.
Your +0 cloak unmelds from your body.
Your +1 hat of intelligence unmelds from your body.
Your +2 pair of gloves of stealth unmelds from your body.
The +0 pair of boots of Autotheism {rC+ Int+4} unmelds from your body.
Your +1 steam dragon scales unmelds from your body.
Your +9 rapier of venom {short} begins to drip with poison!
You feel clever.
You feel stealthy.
The glowing orange brain turns its attention towards you.
The glowing orange brain pulsates.
You resist with almost no effort. ๐Ÿ˜ฎ HP[-41]
You now have 167 max hp (-83).
A lich comes into view.
The glowing orange brain pulsates.
You resist with almost no effort. ๐Ÿ˜ฎ HP[+1] ๐Ÿ˜ฎ HP[+1] ๐Ÿ˜ฎ HP[+1] ๐Ÿ˜ฎ HP[+1]
As you read the scroll of teleportation {@r4}, it crumbles to dust.
You feel strangely unstable. ๐Ÿ˜ฎ HP[+1] ๐Ÿ˜ฎ HP[+1]
Your surroundings suddenly seem different.
An ice dragon and an iron troll come into view. ๐Ÿ˜ฎ HP[+1] Really read
H - 4 scrolls of magic mapping {!r}?
As you read the scroll of magic mapping {!r}, it crumbles to dust.
You feel aware of your surroundings.
You sensed 3 shops/portals. ๐Ÿ˜ฎ HP[+1]
An ettin comes into view.
It is wielding two +0 dire flails. ๐Ÿ˜ฎ HP[+1] ๐Ÿ˜ฎ HP[+1] ๐Ÿ˜ฎ HP[+1] ๐Ÿ˜ฎ HP[+1]
Found a stone staircase leading down. ๐Ÿ˜ฎ HP[+1]
An ettin comes into view.
It is wielding two +0 dire flails. ๐Ÿ˜ฎ HP[+1]
You see here a ring of see invisible. ๐Ÿ˜ฎ HP[+1] ๐Ÿ˜ฎ HP[+1] ๐Ÿ˜ฎ HP[+1] ๐Ÿ˜ฎ HP[+1] ๐Ÿ˜ฎ HP[+1]
Found a stone staircase leading up. ๐Ÿ˜ฎ HP[+1]
Found Turuipio's Weapon Emporium. ๐Ÿ˜ฎ HP[+1]
Found a stone staircase leading down. ๐Ÿ˜ฎ HP[+1] ๐Ÿ˜ฎ HP[+1]
There is a stone staircase leading up here. ๐Ÿ˜ฎ HP[+1]
You climb upwards.
Level annotation: exclusion: 2 spark wasps The spriggan air mage waves its arms in wide circles.
The air twists around and strikes you!!
There is a stone staircase leading down here. ๐Ÿ˜ฎ HP[-25]
You take 25 damage, and now have 84/167 hp.
The spriggan rider barely misses you.
The spriggan berserker prays to Trog.
The polar bear goes berserk!
You climb downwards.
Level annotation: Louise
There is a stone staircase leading up here. ๐Ÿ˜ฎ HP[+1]
You climb upwards.
Level annotation: exclusion: 2 spark wasps The spriggan defender hits you with a +5 lajatang of electrocution!!
* * * LOW HITPOINT WARNING * * *
You emit a cloud of dark smoke.
The polar bear bites you!!
* * * LOW HITPOINT WARNING * * *
The polar bear barely misses you. x2
The hell knight utters an invocation to its god.
The hell knight seems to speed up.
The spriggan berserker invokes Trog's protection!
The spriggan defender hits you with a +5 lajatang of pain!!
You die...

Skill      XL: |  1  2  3  4  5  6  7  8  9 10 11 12 13 14 15 16 17 18 19 20 |
---------------+-------------------------------------------------------------+-----
Stealth        | 5 6 7 8 10 13 16 19 24 | 24.5
Hexes          | 5 6 7 10 12 | 12.7
Dodging        | 3 5 7 10 | 10.4
Spellcasting   | 5 8 11 | 11.0
Fighting       | 6 8 10 13 15 16 | 16.9
Short Blades   | 8 11 14 | 14.4
Transmutations | 2 7 12 14 | 14.1
Conjurations   | 1 5 |  5.4
Unarmed Combat | 3 8 12 14 | 14.9
Earth Magic    | 3 6 |  6.2
Evocations     | 5 7 |  7.6
Necromancy     | 6 |  6.0

Action                   |  1- 3 |  4- 6 |  7- 9 | 10-12 | 13-15 | 16-18 | 19-21 || total
-------------------------+-------+-------+-------+-------+-------+-------+-------++-------
Melee: Dagger            |    86 |    28 |   171 |   116 |       |     5 |       ||   406
       Bite              |     3 |     1 |    18 |    60 |    94 |   119 |    93 ||   388
       Punch             |       |       |     2 |     6 |     9 |    41 |    48 ||   106
       Rapier            |       |       |       |   294 |   799 |   457 |   116 ||  1666
       Unarmed           |       |       |       |       |       |   340 |   428 ||   768
       Tailslap          |       |       |       |       |       |    80 |   101 ||   181
       Headbutt          |       |       |       |       |       |    75 |    16 ||    91
 Cast: Ensorcelled Hiber |    22 |    19 |    49 |    88 |   129 |    57 |       ||   364
       Confusing Touch   |       |       |     9 |    24 |    39 |    13 |       ||    85
       Tukima's Dance    |       |       |       |       |     5 |     2 |       ||     7
       Irradiate         |       |       |       |       |     7 |    57 |    21 ||    85
       Dragon Form       |       |       |       |       |       |    36 |    38 ||    74
       Blade Hands       |       |       |       |       |       |     1 |       ||     1
       Wereblood         |       |       |       |       |       |     2 |    10 ||    12
       Statue Form       |       |       |       |       |       |     1 |       ||     1
       Ozocubu's Armour  |       |       |       |       |       |       |     1 ||     1
Invok: Shadow Step       |       |       |       |     4 |     9 |    11 |     7 ||    31
 Abil: Exsanguinate      |       |       |     1 |       |       |       |       ||     1
Evoke: Wand              |       |       |     7 |    10 |     6 |    26 |     2 ||    51
       Condenser vane    |       |       |       |     1 |     2 |     3 |     1 ||     7
       Phantom mirror    |       |       |       |     1 |       |     4 |       ||     5
  Use: Potion            |     2 |       |     3 |       |     6 |     4 |     3 ||    18
       Scroll            |       |       |    19 |    15 |    11 |    10 |     8 ||    63
 Stab: Sleeping          |    14 |    20 |    45 |    82 |   182 |   128 |    80 ||   551
       Confused          |       |       |     6 |    17 |    41 |    17 |       ||    81
       Invisible         |       |       |     2 |       |    28 |    11 |       ||    41
       Distracted        |       |       |       |     3 |     2 |    12 |     5 ||    22
       Petrified         |       |       |       |       |     1 |     3 |       ||     4
       Paralysed         |       |       |       |       |     1 |     1 |       ||     2
Armor: Robe              |    33 |     2 |       |       |       |       |       ||    35
       Leather armour    |       |     1 |    22 |       |       |       |       ||    23
       Steam dragon scal |       |       |    36 |   102 |    85 |    46 |    11 ||   280
       Skin              |       |       |     7 |       |    19 |    71 |   144 ||   241
Dodge: Dodged            |    63 |     8 |   114 |   349 |   462 |   675 |   419 ||  2090

Levels and vault maps discovered:
D:1:      lightli_arrival_noodles, layout_basic
D:2:      minmay_kobold_bridge, layout_basic, patterned_corridor
D:3:      layout_loops_corners, grunt_dithmenos_smoke, minmay_misc_feat_square
D:4:      layout_gridville, minmay_small_thing
D:5:      layout_gridville, uniq_prince_ribbit1
D:6:      layout_gridville, minmay_temple_entry_crystal_x, uniq_grinder
D:7:      layout_loops_ring, mainiacjoe_overflow_boulevard,
          mainiacjoe_overflow_alcove_2, serial_shops, shop, enter_bailey_4,
          lightli_minifort, uniq_menkaure
D:8:      layout_basic, nemelex_diamond_rough_becter, uniq_erica, uniq_joseph,
          uniq_grum, uniq_maggie
D:9:      layout_small_grid, mainiacjoe_overflow_tiny_flanked,
          jmf_multi_god_temple, mainiacjoe_overflow_alcove_4, dpeg_oklobed_lair
D:10:     layout_irregular_city, okawaru_gym_becter, serial_shops, shop,
          serial_column_ruins, column_ruins_hut, column_ruins_hut,
          column_ruins_grid_1, column_ruins_open_tiny, column_ruins_grid_1,
          column_ruins_corridor_water, column_ruins_open_small
D:11:     layout_roguey, serial_shops, kennysheep_little_box,
          serial_bayou_ford_a
D:12:     layout_roguey, serial_bayou_lagoon_a,
          nicolae_concentric_dashed_squares_mild, uniq_rupert, uniq_frances
D:13:     wander_river, layout_stronghold, skrybe_vaults_entry_preservation,
          serial_rivers, chequers_serial_rivers_marsh,
          chequers_serial_rivers_micro_e, chequers_serial_rivers_micro_d,
          chequers_serial_rivers_marsh, chequers_serial_rivers_small_a,
          uniq_erolcha
D:14:     layout_basic, serial_demonic, serial_demonic_c, serial_demonic_f,
          serial_demonic_f, serial_demonic_b, xom_redecorated, demons_altar
D:15:     grunt_enter_depths_magical_seal, layout_cave_pools,
          minmay_misc_feat_nine_boxes, hex_large, nrook_uturn,
          trog_ov_bears_minmay
Lair:1:   layout_hall_layers, grunt_megastairs_3
Lair:2:   layout_cave_pods, minmay_snake_entry_guardpost_small,
          serial_bayou_shore_a
Lair:3:   layout_concentric_octagons, shoals_dummy_entry
Lair:4:   layout_big_grid, grunt_megastairs_4, serial_bayou_shore_b
Lair:5:   due_jungle_book, layout_regular_city,
          minmay_slime_entry_oklob_enclosed, enter_volcano_2,
          hangedman_lair_generics_rect, uniq_snorg, uniq_sonja
Shoals:1: layout_shoals, uniq_jorgrun
Shoals:2: layout_shoals, uniq_ilsuiw
Shoals:3: layout_shoals, nicolae_shoals_undead_eyrie, uniq_polyphemus
Shoals:4: shoals_end_grunt_ice, layout_shoals, nicolae_shop_clearance
Snake:1:  layout_cave_pods, serial_shops, nicolae_shop_overgrown_old_shop, shop,
          shop, nicolae_shop_crystal, minmay_shop_star, uniq_roxanne
Snake:2:  layout_cave_town, serial_shops, nicolae_diamond_shop
Snake:3:  layout_cave_town, drop_trap
Snake:4:  grunt_snake_rune_serpentine_throne, layout_cave_town
Orc:1:    layout_caves
Orc:2:    st_orc_elflike, layout_caves, basic_altar,
          portal_ice_cave_demonic_guard
Elf:1:    eino_elf_arrival_altar, layout_loops_corners, serial_shops, shop,
          shop, shop, minivault_28
Elf:2:    nicolae_elf_blades_crystal_corner, layout_loops_cross, serial_shops,
          nicolae_lakefront_shop, uniq_aizul
Elf:3:    minmay_elf_hall, layout_loops_corners, nicolae_elf_glassroom_feature
Vaults:1: ontoclasm_vaults_ring_large, vaults_room_mumra_shop_pool,
          ontoclasm_vaults_tryst, ontoclasm_vaults_twist,
          nicolae_vaults_statue_guard, layout_vaults_omnigrid, serial_shops,
          nicolae_diamond_shop
Vaults:2: minmay_crypt_entry_simple_corners, ontoclasm_vaults_loading_screen,
          vaults_standard_mumra_x, vaults_dpeg_diagonal, vaults_mumra_hex,
          v_misc_33, vaults_room_glass_cross, v_alt_pattern_1,
          grunt_vaults_hallway_long, nicolae_vaults_hallways_thing,
          vaults_dpeg_doors, vaults_room_pool, hangedman_vaults_cutoff,
          layout_vaults_big_cross
Vaults:3: nicolae_vaults_network_star, vaults_mumra_chevron,
          nicolae_vaults_circle_grid_b, nicolae_vaults_arrows,
          hangedman_vaults_snaps, ontoclasm_vaults_claustrophobia,
          grunt_vaults_bifocal, hangedman_vaults_hat, vaults_dpeg_hooks,
          nicolae_vaults_little_squares_2, vaults_mumra_hexcomb,
          vaults_room_grid, nicolae_vaults_sealed_display,
          ontoclasm_vaults_pinch, layout_vaults_maze_bifur
Vaults:4: v_misc_25, vaults_room_boxed, grunt_vaults_diagonal,
          nicolae_vaults_little_squares_2, hangedman_vaults_variations,
          hangedman_vaults_trim, v_pattern_2, grunt_vaults_hallway_short,
          nicolae_vaults_big_angled_halls, ontoclasm_vaults_fault,
          nicolae_vaults_diagonal_hallway_7, layout_vaults_chaotic_city
Depths:1: layout_big_octagon, enter_ziggurat_b, hell_entry, abyss_entry,
          bh_walls_and_bars, enter_trove_1, nrook_kobold_shadow_demons
Depths:2: minmay_the_grid_four_pointed_star [minmay_the_grid_triangle_9x9_steps,
          minmay_the_grid_triangle_9x9_dagger,
          minmay_the_grid_triangle_9x9_corruption,
          minmay_the_grid_triangle_9x9_zippers_horizontal,
          minmay_the_grid_prize_big_room], layout_twisted_cross, serial_sigils,
          serial_sigils_hangedman_clutch, serial_sigils_hangedman_shear,
          serial_sigils_hangedman_gut, serial_sigils_hangedman_gnaw,
          serial_sigils_hangedman_shear, hell_entry,
          chequers_serial_rivers_room_b, rand_demon_pan_entry_1
Depths:3: grunt_twist_and_shout, layout_cave_pools,
          nicolae_abyss_entry_one_way_or_another, nicolae_figureground_sparkle,
          hellmouth_1, serial_shops, nicolae_stop_n_shop_2
Hell

Notes
Turn   | Place    | Note
-------+----------+-------------------------------------------
     0 | D:1      | MackTheKnife the Vampire Enchanter began the quest for the
                  | Orb.
     0 | D:1      | Reached XP level 1. HP: 13/13 MP: 3/3
     0 | D:1      | magus.rc [v1.9.6]
   684 | D:2      | Reached XP level 2. HP: 19/19 MP: 5/5
   687 | D:2      | Learned a level 2 spell: Ensorcelled Hibernation
   716 | D:2      | Reached skill level 5 in Stealth
   939 | D:2      | HP: 4/19 [adder (2)]
   947 | D:2      | Reached skill level 5 in Hexes
  1229 | D:2      | Gained mutation: You are afflicted with vampirism and can
                  | become a bat while bloodless. [Vampire growth]
  1229 | D:2      | Reached XP level 3. HP: 23/24 MP: 1/6
  1521 | D:3      | You pick up a book of Debilitation and begin reading...
  1521 | D:3      | You add the spells Slow and Vampiric Draining to your
                  | library.
  1573 | D:3      | Learned a level 3 spell: Confusing Touch
  1798 | D:3      | Found a shadowy altar of Dithmenos.
  1825 | D:3      | Became a worshipper of Dithmenos the Shadowed
  2212 | D:3      | Reached skill level 6 in Stealth
  2212 | D:3      | Reached skill level 6 in Hexes
  2212 | D:3      | Reached XP level 4. HP: 30/30 MP: 2/7
  2481 | D:3      | You pick up a book of Cantrips and begin reading...
  2481 | D:3      | You add the spells Necrotise, Summon Small Mammal and
                  | Apportation to your library.
  2799 | D:4      | Noticed a scorpion
  2804 | D:4      | Killed a scorpion
  2805 | D:4      | Reached skill level 7 in Stealth
  2805 | D:4      | Reached XP level 5. HP: 35/35 MP: 1/8
  3072 | D:4      | Reached skill level 7 in Hexes
  3221 | D:5      | Entered Level 5 of the Dungeon
  3304 | D:5      | Noticed a black bear
  3306 | D:5      | Killed a black bear
  3307 | D:5      | Reached skill level 8 in Stealth
  3307 | D:5      | Reached XP level 6. HP: 41/41 MP: 9/9
  3313 | D:5      | Identified the +4 dagger "Kil Qubb" {flame, rF+ rC+ Will-}
  3510 | D:5      | Reached skill level 9 in Stealth
  3677 | D:5      | Noticed Prince Ribbit
  3684 | D:5      | Killed Prince Ribbit
  3685 | D:5      | Reached skill level 10 in Stealth
  3685 | D:5      | Reached XP level 7. HP: 46/46 MP: 10/10
  3708 | D:5      | Reached skill level 11 in Stealth
  3817 | D:5      | Reached skill level 12 in Stealth
  4342 | D:6      | Noticed Grinder
  4358 | D:6      | Killed Grinder
  4359 | D:6      | Reached skill level 13 in Stealth
  4359 | D:6      | Reached XP level 8. HP: 52/52 MP: 1/11
  4370 | D:6      | Reached skill level 14 in Stealth
  4495 | D:6      | magus.rc [v1.9.6]
  4632 | D:6      | Found a staircase to the Ecumenical Temple.
  4943 | D:6      | Reached skill level 15 in Stealth
  5148 | D:6      | Reached skill level 16 in Stealth
  5317 | D:7      | Found Vunno's Weapon Boutique.
  5325 | D:7      | Reached * piety under Dithmenos
  5326 | D:7      | Reached XP level 9. HP: 57/57 MP: 12/12
  5334 | D:7      | Reached skill level 17 in Stealth
  5555 | D:7      | Reached skill level 18 in Stealth
  5719 | D:7      | Noticed Menkaure
  5726 | D:7      | Killed Menkaure
  5746 | D:7      | Found a flagged portal.
  5772 | Bailey   | Entered a bailey
  5873 | Bailey   | Reached skill level 8 in Hexes
  5936 | Bailey   | HP: 14/57 [gnoll/+4 halberd of electrocution (19)]
  5936 | Bailey   | HP: 3/57 [gnoll/+1 halberd of draining (11)]
  5936 | Bailey   | HP: 1/55 [gnoll/+1 halberd of draining (2)]
  5969 | Bailey   | Reached ** piety under Dithmenos
  6001 | Bailey   | Noticed an orc knight
  6003 | Bailey   | Killed an orc knight
  6004 | Bailey   | Reached skill level 10 in Hexes
  6455 | D:7      | Reached skill level 3 in Dodging
  6677 | D:7      | Reached skill level 19 in Stealth
  7082 | D:7      | Found a radiant altar of Vehumet.
  7214 | D:8      | Reached XP level 10. HP: 63/63 MP: 13/13
  7238 | D:8      | Reached skill level 4 in Dodging
  7303 | D:8      | Found a sparkling altar of Nemelex Xobeh.
  7316 | D:8      | Noticed Grum
  7333 | D:8      | HP: 12/63 [poisoned by a gnoll sergeant]
  7338 | D:8      | HP: 5/63 [poisoned by a gnoll sergeant]
  7369 | D:8      | Noticed Maggie
  7490 | D:8      | Killed Maggie
  7574 | D:8      | Reached skill level 5 in Dodging
  7875 | D:8      | Reached *** piety under Dithmenos
  7876 | D:8      | Reached skill level 11 in Hexes
  7885 | D:8      | Killed Grum
  7886 | D:8      | Reached skill level 3 in Spellcasting
  8015 | D:8      | You pick up a book of Flames and begin reading...
  8015 | D:8      | You add the spells Inner Flame, Sticky Flame and Flame Wave
                  | to your library.
  8314 | D:8      | Noticed Joseph
  8327 | D:8      | Killed Joseph
  8328 | D:8      | Reached skill level 4 in Spellcasting
  8543 | D:8      | Noticed Erica
  8554 | D:8      | Killed Erica
  8555 | D:8      | Reached skill level 12 in Hexes
  8580 | D:8      | You pick up a book of the Sky and begin reading...
  8580 | D:8      | You add the spells Summon Lightning Spire, Storm Form and
                  | Maxwell's Capacitive Coupling to your library.
  8762 | D:9      | Found a bloodstained altar of Trog.
  8791 | D:9      | Found an opulent altar of Gozag.
  8870 | D:9      | Found an ancient bone altar of Kikubaaqudgha.
  8896 | D:9      | Reached skill level 5 in Spellcasting
  8900 | D:9      | Noticed a two-headed ogre
  8991 | D:9      | Found a staircase to the Lair.
  9009 | D:9      | Reached XP level 11. HP: 49/68 MP: 15/18
  9518 | D:10     | Entered Level 10 of the Dungeon
  9594 | D:10     | Found Cywkotasch's Antique Armour Emporium.
  9600 | D:10     | Reached skill level 1 in Fighting
  9603 | D:10     | Bought a cloak for 99 gold pieces
  9695 | D:10     | Reached skill level 2 in Short Blades
  9808 | D:10     | Identified a scroll of acquirement
  9808 | D:10     | Acquired 972 gold pieces
  9812 | D:10     | Noticed a two-headed ogre
  9905 | D:10     | Found an iron altar of Okawaru.
 10008 | D:10     | Noticed a two-headed ogre
 10014 | D:10     | Killed a two-headed ogre
 10015 | D:10     | Reached skill level 2 in Fighting
 10015 | D:10     | Reached skill level 3 in Short Blades
 10037 | D:10     | Noticed a two-headed ogre
 10045 | D:10     | Killed a two-headed ogre
 10291 | D:11     | Reached skill level 3 in Fighting
 10307 | D:11     | Reached skill level 4 in Short Blades
 10445 | D:11     | Noticed a two-headed ogre
 10452 | D:11     | Killed a two-headed ogre
 10485 | D:11     | Reached skill level 5 in Short Blades
 10491 | D:11     | Reached skill level 4 in Fighting
 10648 | D:11     | Reached **** piety under Dithmenos
 10682 | D:11     | Found Citramu's Magic Scroll Boutique.
 11205 | D:12     | Reached skill level 6 in Short Blades
 11274 | D:12     | Found a staircase to the Orcish Mines.
 11318 | D:12     | Noticed Frances
 11321 | D:12     | Killed Frances
 11322 | D:12     | Reached skill level 5 in Fighting
 11336 | D:12     | Noticed a deep elf pyromancer
 11341 | D:12     | Killed a deep elf pyromancer
 11342 | D:12     | Reached skill level 7 in Short Blades
 11361 | D:12     | You fall into a shaft and drop 2 floors!
 11426 | D:13     | Noticed a centaur warrior
 11430 | D:13     | Killed a centaur warrior
 11431 | D:13     | Reached skill level 6 in Fighting
 11528 | D:13     | Noticed a centaur warrior
 11536 | D:13     | Killed a centaur warrior
 11559 | D:13     | Noticed a purple ugly thing
 11559 | D:13     | Noticed a purple ugly thing
 11691 | D:12     | Noticed a two-headed ogre
 11694 | D:12     | Killed a two-headed ogre
 11695 | D:12     | Reached skill level 8 in Short Blades
 11695 | D:12     | Reached XP level 12. HP: 89/89 MP: 19/19
 11717 | D:12     | Noticed Rupert
 11719 | D:12     | Killed Rupert
 11796 | D:12     | Reached skill level 7 in Fighting
 11825 | D:12     | Learned a level 3 spell: Tukima's Dance
 12316 | D:13     | Found the +7 mace of Variability {chain chaos}
 12479 | D:13     | Reached skill level 6 in Dodging
 12700 | D:13     | Noticed a centaur warrior
 12706 | D:13     | Found a gate to the Vaults.
 12706 | D:13     | Noticed an ironbound preserver
 12725 | D:13     | Noticed Erolcha
 12730 | D:13     | Killed Erolcha
 12804 | Orc:1    | Entered Level 1 of the Orcish Mines
 12804 | Orc:1    | Noticed a two-headed ogre
 12814 | Orc:1    | HP: 20/92 [two-headed ogre/+0 giant club (24)]
 12814 | Orc:1    | Killed a two-headed ogre
 12815 | Orc:1    | Reached skill level 7 in Dodging
 13009 | Orc:1    | Reached skill level 8 in Fighting
 13339 | Orc:2    | Entered Level 2 of the Orcish Mines
 13339 | Orc:2    | Found a staircase to the Elven Halls.
 13549 | Orc:2    | Found a frozen archway.
 13559 | Orc:2    | Reached skill level 9 in Short Blades
 13563 | IceCv    | Entered an ice cave
 13812 | IceCv    | Reached skill level 10 in Short Blades
 14318 | Orc:2    | Reached skill level 11 in Short Blades
 14467 | Orc:2    | Found Ryrrer's Antique Weapon Shoppe.
 14476 | Orc:2    | Noticed an orc high priest
 14480 | Orc:2    | Killed an orc high priest
 14481 | Orc:2    | Reached XP level 13. HP: 55/99 MP: 20/20
 14838 | Orc:2    | Found Beudus's Jewellery Shop.
 15001 | Orc:2    | Reached skill level 9 in Fighting
 15080 | Orc:2    | Bought a crude dagger for 182 gold pieces
 15080 | Orc:2    | Identified the +10 dagger "Olat" {freeze, rCorr Dex+4
                  | Stlth-} (You bought it in a shop on level 2 of the Orcish
                  | Mines)
 15082 | Orc:2    | Found Rukyh Mia's Distillery.
 15089 | Orc:2    | Found Koalueh's Assorted Antiques.
 15095 | Orc:2    | Bought 2 potions of heal wounds for 170 gold pieces
 15095 | Orc:2    | Bought a potion of heal wounds for 85 gold pieces
 15095 | Orc:2    | Bought a potion of heal wounds for 85 gold pieces
 15098 | Orc:2    | Bought a jade ring for 110 gold pieces
 15098 | Orc:2    | Bought a scroll labelled OLO QOWUIKHLISH for 22 gold pieces
 15225 | Orc:1    | Reached skill level 12 in Short Blades
 15317 | Orc:1    | Reached ***** piety under Dithmenos
 15636 | Lair:1   | Entered Level 1 of the Lair of Beasts
 16074 | Lair:1   | You add the spells Kindle Blastsparks, Ignite Poison and
                  | Freezing Cloud to your library.
 16169 | Lair:1   | Reached skill level 10 in Fighting
 16649 | Lair:2   | Reached skill level 13 in Short Blades
 16884 | Lair:2   | Found a staircase to the Snake Pit.
 18083 | Lair:3   | You pick up a book of Spectacle and begin reading...
 18083 | Lair:3   | You add the spells Iskenderun's Mystic Blast and Starburst
                  | to your library.
 18388 | Lair:3   | Reached skill level 14 in Short Blades
 18453 | Lair:3   | You pick up a book of the Earth and begin reading...
 18453 | Lair:3   | You add the spells Leda's Liquefaction, Lee's Rapid
                  | Deconstruction and Statue Form to your library.
 18608 | Lair:3   | Found a staircase to the Shoals.
 18792 | Lair:3   | Reached XP level 14. HP: 111/111 MP: 15/21
 19044 | Lair:4   | You pick up a book of Cantrips and begin reading...
 19125 | Lair:4   | Reached skill level 20 in Stealth
 19377 | Lair:4   | You pick up a book of Transfigurations {@e2} and begin
                  | reading...
 19377 | Lair:4   | You add the spells Irradiate, Blade Hands and Dragon Form
                  | to your library.
 19919 | Lair:5   | Entered Level 5 of the Lair of Beasts
 19923 | Lair:5   | Reached skill level 21 in Stealth
 20006 | Lair:5   | Found a dark tunnel.
 20014 | Volcano  | Entered a volcano
 20209 | Lair:5   | Noticed Snorg
 20222 | Lair:5   | Killed Snorg
 20327 | Lair:5   | Reached skill level 22 in Stealth
 20440 | Lair:5   | Noticed Sonja
 20454 | Lair:5   | Killed Sonja
 20605 | Lair:5   | Reached skill level 23 in Stealth
 20643 | Lair:5   | Reached skill level 24 in Stealth
 21025 | Lair:5   | HP: 25/110 [dire elephant (15)]
 21465 | D:13     | magus.rc [v1.9.6]
 21471 | D:13     | Learned a level 5 spell: Irradiate
 21769 | D:14     | Found a shimmering altar of Xom.
 21769 | D:14     | Found a shimmering altar of Xom.
 21771 | D:14     | Found a shimmering altar of Xom.
 21773 | D:14     | Found a shimmering altar of Xom.
 21785 | D:14     | Reached skill level 1 in Transmutations
 21797 | D:14     | Reached skill level 1 in Conjurations
 21807 | D:14     | Reached skill level 2 in Transmutations
 21866 | D:14     | magus.rc [v1.9.6]
 21870 | D:14     | Reached XP level 15. HP: 108/117 MP: 18/23
 22072 | D:14     | Reached skill level 2 in Conjurations
 22074 | D:14     | Reached skill level 3 in Transmutations
 22131 | D:14     | Reached skill level 6 in Spellcasting
 22330 | D:15     | Entered Level 15 of the Dungeon
 22330 | D:15     | Found a bloodstained altar of Trog.
 22585 | D:14     | Found a burning altar of Makhleb.
 22851 | Snake:1  | Entered Level 1 of the Snake Pit
 22903 | Snake:1  | Reached skill level 4 in Transmutations
 23017 | Snake:1  | Found Naosig's Magic Scroll Shoppe.
 23019 | Snake:1  | Found Bavaywue's Antique Armour Emporium.
 23021 | Snake:1  | Found Xypsoimp's Distillery.
 23039 | Snake:1  | Bought a runed leather armour for 125 gold pieces
 23063 | Snake:1  | Bought a scroll of enchant armour for 97 gold pieces
 23063 | Snake:1  | Bought a scroll of blinking for 97 gold pieces
 23228 | Snake:1  | Found Apnyacad's Jewellery Shoppe.
 23233 | Snake:1  | Reached skill level 3 in Conjurations
 23236 | Snake:1  | Bought the amulet "Kuwkau Soda" {Acrobat Will+ Dex+4} for
                  | 765 gold pieces
 23266 | Snake:1  | Found Fuohul's Assorted Antiques.
 23273 | Snake:1  | Identified Roxanne's Folio of Variation
 23273 | Snake:1  | Noticed Roxanne
 23383 | Snake:1  | Found Eclono Dehic's Assorted Antiques.
 23401 | Snake:1  | Found Ywakuq's Antique Armour Shop.
 23409 | Snake:1  | Bought a pair of jewelled boots for 294 gold pieces
 23409 | Snake:1  | Identified the +0 pair of boots of Autotheism {rC+ Int+4}
                  | (You bought it in a shop on level 1 of the Snake Pit)
 23419 | Snake:1  | Bought an embroidered hat for 217 gold pieces
 23845 | Snake:2  | Reached skill level 5 in Transmutations
 23861 | Snake:2  | HP: 29/117 [poisoned by a naga (splash of poison)]
 23866 | Snake:2  | HP: 10/117 [naga/+0 flail (13)]
 24168 | Snake:2  | Found Xohogg's Assorted Antiques.
 24236 | Snake:2  | Reached skill level 7 in Spellcasting
 24681 | Snake:2  | Reached skill level 4 in Conjurations
 24767 | Snake:3  | Reached skill level 6 in Transmutations
 24922 | Snake:4  | Entered Level 4 of the Snake Pit
 24937 | Snake:4  | magus.rc [v1.9.6]
 24951 | Snake:4  | You pick up a book of Party Tricks and begin reading...
 25580 | Snake:4  | Reached skill level 8 in Spellcasting
 25580 | Snake:4  | Reached skill level 7 in Transmutations
 25945 | Snake:3  | Reached skill level 5 in Conjurations
 26702 | Elf:1    | Entered Level 1 of the Elven Halls
 26737 | Elf:1    | Found a radiant altar of Vehumet.
 26967 | Shoals:1 | Entered Level 1 of the Shoals
 26996 | Shoals:1 | Reached XP level 16. HP: 38/124 MP: 28/28
 27153 | Shoals:1 | Identified the +1 scale mail of the Painted Griffon {rElec
                  | rN+ Str+4}
 27157 | Shoals:1 | Noticed Jorgrun
 27160 | Shoals:1 | Killed Jorgrun
 27161 | Shoals:1 | Reached skill level 8 in Transmutations
 27598 | D:15     | Found a staircase to the Depths.
 27603 | D:15     | Reached skill level 9 in Spellcasting
 27608 | Depths:1 | Entered Level 1 of the Depths
 27619 | Depths:1 | Reached skill level 9 in Transmutations
 27634 | Depths:1 | Found a gateway to Hell.
 27706 | Depths:1 | Found a one-way gateway to a ziggurat.
 27737 | Depths:1 | Noticed a lich
 27945 | Orc:2    | Bought a runed double sword for 468 gold pieces
 27945 | Orc:2    | S - a +1 double sword of protection {longrare=g}
 27949 | Orc:2    | Bought a glowing rapier for 182 gold pieces
 27957 | Orc:2    | Learned a level 5 spell: Blade Hands
 28249 | Depths:1 | Killed a lich
 28274 | Hell     | Entered the Vestibule of Hell
 28274 | Hell     | Noticed Geryon
 28291 | Depths:1 | Noticed a tengu reaver
 28450 | Depths:1 | Noticed a lich
 28462 | Depths:1 | Killed a tengu reaver
 28470 | Depths:1 | Killed a lich
 28539 | Depths:1 | Reached skill level 10 in Spellcasting
 28539 | Depths:1 | Reached skill level 10 in Transmutations
 28729 | Depths:1 | Learned a level 7 spell: Dragon Form
 28790 | Depths:1 | Found a portal to a secret trove of treasure.
 28884 | Depths:1 | This trove needs 16 scrolls of teleportation to function.
                  | Give it the items?
 28904 | Depths:1 | Found a one-way gate to the infinite horrors of the Abyss.
 28962 | Depths:2 | Reached ****** piety under Dithmenos
 29051 | Depths:2 | Reached skill level 11 in Transmutations
 29221 | D:15     | HP: 21/124 [cyan ugly thing (17)]
 29630 | D:13     | Reached skill level 11 in Spellcasting
 29907 | D:13     | magus.rc [v1.9.6]
 29978 | Elf:1    | Reached skill level 1 in Unarmed Combat
 29991 | Elf:1    | HP: 39/186 [deep elf zephyrmancer/bolt of lightning (31)]
 30004 | Elf:1    | HP: 34/186 [deep elf archer/arrow (3)]
 30190 | Elf:1    | Reached skill level 2 in Unarmed Combat
 30309 | Elf:1    | Reached skill level 12 in Transmutations
 30394 | Elf:1    | Paralysed by an air elemental for 1 turns
 30431 | Elf:1    | Reached skill level 3 in Unarmed Combat
 30539 | Elf:1    | Reached XP level 17. HP: 62/129 MP: 20/32
 30677 | Elf:1    | Reached skill level 4 in Unarmed Combat
 30837 | Elf:1    | Reached skill level 5 in Unarmed Combat
 30848 | Elf:1    | Reached skill level 13 in Transmutations
 30850 | Elf:1    | HP: 23/129 [deep elf archer/arrow (19)]
 31042 | Elf:1    | Gained mutation: Your body sometimes deteriorates upon
                  | taking damage. [potion of mutation]
 31042 | Elf:1    | Gained mutation: You have a pair of small horns on your
                  | head. [potion of mutation]
 31042 | Elf:1    | Gained mutation: You have a somewhat thin skeletal
                  | structure. (Dex +2, Stealth+) [potion of mutation]
 31054 | Elf:1    | Paralysed by an air elemental for 1 turns
 31075 | Elf:1    | Reached skill level 6 in Unarmed Combat
 31265 | Elf:1    | Found Pafowa's Weapon Shop.
 31288 | Elf:1    | Found Dyrohuc's Book Shop.
 31298 | Elf:1    | Bought a book of Changes for 198 gold pieces
 31298 | Elf:1    | You pick up a book of Changes and begin reading...
 31298 | Elf:1    | You add the spells Beastly Appendage, Wereblood and Spider
                  | Form to your library.
 31301 | Elf:1    | Learned a level 2 spell: Wereblood
 31380 | Elf:1    | HP: 46/193 [deep elf knight/+0 short sword (11)]
 31720 | Elf:1    | Found Qyifaoq's Distillery.
 31726 | Elf:1    | Bought a potion of heal wounds for 85 gold pieces
 31726 | Elf:1    | Bought a potion of heal wounds for 85 gold pieces
 31932 | Elf:2    | Noticed Aizul
 31935 | Elf:2    | Killed Aizul
 31953 | Elf:1    | magus.rc [v1.9.6]
 32022 | Elf:2    | Reached skill level 7 in Unarmed Combat
 32060 | Elf:2    | Found Nomil's Weapon Shoppe.
 32520 | Elf:2    | Found a runed translucent gate.
 32521 | Elf:2    | Found a runed translucent gate.
 32521 | Elf:2    | Found a runed translucent gate.
 32523 | Elf:2    | Reached skill level 14 in Transmutations
 32526 | Elf:2    | Reached skill level 8 in Unarmed Combat
 32723 | Elf:3    | Entered Level 3 of the Elven Halls
 32765 | Elf:3    | Reached skill level 8 in Dodging
 32969 | Elf:3    | Reached skill level 9 in Dodging
 34201 | Snake:4  | Reached skill level 10 in Dodging
 34389 | Snake:4  | Learned a level 6 spell: Statue Form
 34450 | Snake:4  | Reached skill level 1 in Earth Magic
 34602 | Snake:4  | Reached skill level 2 in Earth Magic
 34777 | Snake:4  | Reached skill level 3 in Earth Magic
 34944 | Snake:4  | magus.rc [v1.9.6]
 34966 | Snake:4  | Reached XP level 18. HP: 128/136 MP: 33/33
 34993 | Snake:4  | Reached skill level 4 in Earth Magic
 35155 | Snake:4  | Reached skill level 5 in Earth Magic
 35311 | Snake:4  | HP: 17/136 [naga warrior/+0 halberd (21)]
 35312 | Snake:4  | Reached skill level 6 in Earth Magic
 35532 | Snake:4  | Upgraded the game from 0.30-a0-459-g9104f0fc43 to
                  | 0.30-a0-462-gd5975efbca
 35532 | Snake:4  | magus.rc [v1.9.6]
 35792 | Snake:4  | Reached skill level 11 in Fighting
 35840 | Snake:4  | Got a serpentine rune of Zot
 35841 | Snake:4  | magus.rc [v1.9.6]
 36624 | Shoals:1 | magus.rc [v1.9.6]
 37010 | Shoals:1 | Reached skill level 12 in Fighting
 37388 | Shoals:2 | Noticed Ilsuiw
 37800 | Shoals:2 | You pick up a book of Weapons and begin reading...
 37841 | Shoals:2 | Learned a level 4 spell: Leda's Liquefaction
 37938 | Shoals:3 | Reached skill level 13 in Fighting
 37964 | Shoals:3 | Noticed Polyphemus
 38221 | Shoals:4 | Entered Level 4 of the Shoals
 38664 | Shoals:3 | Killed Polyphemus
 38665 | Shoals:3 | Reached skill level 1 in Evocations
 38676 | Shoals:3 | Reached skill level 2 in Evocations
 38979 | Shoals:3 | Reached skill level 3 in Evocations
 39208 | Shoals:4 | Reached skill level 4 in Evocations
 39382 | Shoals:4 | Found Vypp's CLEARANCE SALE!.
 39450 | Shoals:4 | Reached skill level 5 in Evocations
 39456 | Shoals:4 | Identified the amulet of Lady Luck {Acrobat Str+2 Int+4}
 39648 | Shoals:4 | Reached XP level 19. HP: 150/150 MP: 34/34
 39650 | Shoals:4 | Reached skill level 6 in Evocations
 39674 | Shoals:4 | Got a barnacled rune of Zot
 39914 | Shoals:4 | Reached skill level 7 in Evocations
 40183 | Snake:1  | Bought a ring of protection from cold for 375 gold pieces
 40412 | Vaults:1 | Entered Level 1 of the Vaults
 40759 | Vaults:1 | Found Cayz's General Store.
 41025 | Vaults:1 | Reached skill level 9 in Unarmed Combat
 41477 | Vaults:1 | Reached skill level 14 in Fighting
 41901 | Vaults:1 | Found Athriopt's Antique Weapon Boutique.
 42480 | Vaults:2 | Reached skill level 10 in Unarmed Combat
 43109 | Vaults:2 | Identified the +0 robe of the Catamount {-Tele rN++ Str+4}
 43147 | Vaults:2 | You fall into a shaft and drop 1 floor!
 43215 | Vaults:3 | Reached skill level 11 in Unarmed Combat
 43592 | Vaults:3 | Reached skill level 15 in Fighting
 43817 | Vaults:2 | Found a staircase to the Crypt.
 43963 | Vaults:2 | Reached skill level 12 in Unarmed Combat
 44256 | Vaults:2 | Reached XP level 20. HP: 162/162 MP: 35/35
 44368 | Vaults:2 | Acquired 500 gold pieces
 45521 | Vaults:3 | Reached skill level 13 in Unarmed Combat
 45585 | Vaults:3 | Reached skill level 16 in Fighting
 45761 | Vaults:3 | Identified the +5 glaive of Sulphur {drain, rF+ rC+ Dex+4}
 45858 | Vaults:3 | Gained mutation: You have a pair of horns on your head.
                  | [mutagenic glow]
 46605 | Vaults:4 | Reached skill level 14 in Unarmed Combat
 46920 | Vaults:4 | Identified the +5 battleaxe "Wabbog Nor" {flame, Str+5
                  | Stlth+}
 47102 | Vaults:4 | You drop a +1 double sword of protection {longrare=g}.
 47110 | Vaults:4 | S - a +1 double sword of protection {longrare=g}
 48030 | Depths:1 | You pick up a book of Winter and begin reading...
 48030 | Depths:1 | You add the spells Ozocubu's Armour, Metabolic Englaciation
                  | and Simulacrum to your library.
 48035 | Depths:1 | Learned a level 3 spell: Ozocubu's Armour
 48192 | Depths:2 | Acquired the Lessons on Evil
 48193 | Depths:2 | You add the spells Cigotuvi's Dreadful Rot, Animate Dead
                  | and Death Channel to your library.
 48202 | Depths:2 | Learned a level 6 spell: Death Channel
 48237 | Depths:2 | Reached skill level 1 in Necromancy
 48246 | Depths:2 | Reached skill level 2 in Necromancy
 48373 | Depths:2 | Reached skill level 3 in Necromancy
 48396 | Depths:2 | Reached skill level 4 in Necromancy
 48432 | Depths:2 | You pick up a book of Cantrips and begin reading...
 48485 | Depths:2 | Reached skill level 5 in Necromancy
 48526 | Depths:2 | Reached skill level 6 in Necromancy
 48553 | Depths:3 | HP: 55/250 [frost giant/bolt of cold (15)]
 48561 | Depths:3 | Noticed Louise
 48654 | Depths:3 | Found Turuipio's Weapon Emporium.
 48665 | Depths:2 | HP: 34/167 [polar bear[a spriggan berserker] (22)]
 48665 | Depths:2 | Slain by a spriggan defender

Vanquished Creatures
  Rupert (D:12)
  Jorgrun (Shoals:1)
  2 liches (Depths:1)
  A sphinx (Vaults:4)
  A tengu reaver (Depths:1)
  Polyphemus (Shoals:3)
  Frances (D:12)
  7 nagarajas
  3 frost giants
  Aizul (Elf:2)
  2 orc warlords (Vaults:3)
  3 fire giants
  11 vault wardens
  3 ghouls (Vaults:2)
  14 ironbound preservers
  2 war gargoyles (Vaults:3)
  A spriggan defender (Depths:2)
  5 very ugly things
  2 stone giants
  7 ironbound thunderhulks
  2 deep elf demonologists
  A deep elf annihilator (Elf:1)
  15 dire elephants
  A red draconian (Volcano)
  Snorg (Lair:5)
  5 ettins
  2 deep elf death magi (Elf:3)
  2 merfolk javelineers (Shoals:4)
  A crystal guardian (Vaults:4)
  8 merfolk impalers
  An entropy weaver (Vaults:3)
  9 yaktaur captains
  A jiangshi (Vaults:2)
  A fire dragon (Depths:1)
  6 vault guards
  2 ice dragons
  10 great orbs of eyes
  3 hydras (Lair:5)
  3 peacekeepers
  Erolcha (D:13)
  3 alligator snapping turtles (Shoals:4)
  21 centaur warriors
  8 ironbound frosthearts
  2 merfolk aquamancers
  A salamander tyrant (Snake:2)
  2 catoblepae
  5 merfolk avatars
  Erica (D:8)
  9 anacondas
  A two-headed ogre (shapeshifter) (Depths:2)
  5 two-headed ogres
  An anaconda (shapeshifter) (Depths:2)
  6 boulder beetles
  25 dancing weapons
  A satyr (Shoals:4)
  8 death yaks
  4 deep troll earth magi
  5 deep troll shamans
  7 shock serpents
  A spriggan berserker (Depths:2)
  A spectral dire elephant (Lair:5)
  A tengu warrior (D:14)
  13 naga warriors
  4 orc high priests
  2 spriggans (Depths:2)
  14 naga sharpshooters
  12 deep elf knights
  Sonja (Lair:5)
  4 iron trolls
  A salamander mystic (Snake:2)
  A sixfirhy (D:14)
  3 glowing orange brains
  2 spectral death yaks (Lair:5)
  A shadow demon (Depths:1)
  10 sea snakes
  5 naga ritualists
  24 deep trolls
  A bog body (IceCv)
  A lindwurm (shapeshifter) (Depths:2)
  An orange crystal statue (Vaults:1)
  A kraken simulacrum (Shoals:4)
  16 deep elf archers
  14 orc knights
  17 ironbound convokers
  8 wizards
  3 necromancers
  A glowing orange brain (shapeshifter) (Depths:2)
  24 deep elf pyromancers
  An iron dragon zombie (Vaults:2)
  21 deep elf zephyrmancers
  8 lindwurms
  7 fauns
  4 mana vipers
  20 harpies
  7 orc sorcerers
  34 ugly things
  An oklob plant (Lair:4)
  4 cyclopes
  A stone giant skeleton (Vaults:2)
  15 manticores
  3 elephants (Lair:5)
  31 black mambas
  7 salamanders
  12 naga magi
  An elephant (shapeshifter) (Elf:1)
  2 ice statues (IceCv)
  8 guardian serpents
  2 centaur zombies (D:15)
  5 merfolk sirens
  Joseph (D:8)
  A smoke demon (D:14)
  9 vault sentinels
  5 water nymphs
  11 cane toads
  3 orange demons (D:14)
  2 centaur skeletons (D:15)
  An unseen horror (D:11)
  3 rime drakes
  3 kobold demonologists
  10 komodo dragons
  Maggie (D:8)
  7 ice devils
  24 yaktaurs
  An efreet (D:13)
  A freezing wraith (D:14)
  2 harpy zombies (Shoals:3)
  A hellwing (D:14)
  19 merfolk
  6 trolls
  2 polar bears (D:15)
  2 hornets (Depths:2)
  Grinder (D:6)
  6 wind drakes
  Prince Ribbit (D:5)
  13 snapping turtles
  20 blink frogs
  15 slime creatures
  19 dream sheep
  8 water elementals
  4 air elementals
  3 wyverns
  A dire elephant simulacrum (Lair:5)
  A vampire (D:11)
  37 yaks
  3 wraiths
  3 fire elementals
  4 steam dragons
  2 basilisks
  Grum (D:8)
  13 vampire mosquitoes
  Menkaure (D:7)
  A spectral cane toad (Lair:5)
  A warg (Elf:2)
  An acid dragon (D:8)
  34 nagas
  14 water moccasins
  19 orc warriors
  3 manticore zombies (Shoals:3)
  3 ice beasts
  6 ogres
  A sky beast (D:8)
  6 black bears
  8 boggarts
  10 centaurs
  2 elephant skeletons (Lair:5)
  7 wolves
  4 phantoms
  A kobold brigand (D:11)
  9 bullfrogs
  3 scorpions
  5 wights (D:7)
  2 elephant simulacra
  A human simulacrum (Vaults:2)
  18 killer bees
  5 electric eels
  17 howler monkeys
  2 jellies
  4 hounds
  13 orc priests
  An iguana (D:5)
  12 orc wizards
  A troll simulacrum (IceCv)
  15 gnolls
  7 adders
  A shadow imp (D:5)
  A white imp (D:7)
  2 ufetubi
  2 worms
  A dart slug (D:2)
  45 orcs
  3 endoplasms
  A giant cockroach (D:3)
  4 goblins
  5 hobgoblins
  2 quokkas
  3 ball pythons
  4 bats
  4 frilled lizards
  11 kobolds
  2 rats
1238 creatures vanquished.

Vanquished Creatures (collateral kills)
  A naga (Snake:4)
  2 orcs (Orc:1)
3 creatures vanquished.

Vanquished Creatures (others)
  A dancing weapon (Elf:1)
  A naga mage (Snake:4)
  An orc priest (Orc:2)
  4 bushes (D:15)
  A demonic plant (D:14)
  8 fungi
  73 plants
  8 tentacles
  39 withered plants (Lair:5)
136 creatures vanquished.

Grand Total: 1377 creatures vanquished

Table legend:
 A = Non-vault XP
 B = Vault XP
 C = Vault XP percentage of total XP
 D = Non-vault monster count
 E = Vault monster count
 F = Vault count percentage of total count
                 A         B        C        D         E       F
            +---------+---------+-------+---------+---------+-------
      Total |  386682 |  197364 |  33.8 |     894 |     350 |  28.1
            +---------+---------+-------+---------+---------+-------
        D:1 |      10 |       0 |   0.0 |       7 |       0 |   0.0
        D:2 |      44 |       2 |   4.3 |      11 |       2 |  15.4
        D:3 |      73 |       0 |   0.0 |      13 |       0 |   0.0
        D:4 |     162 |       3 |   1.8 |       8 |       1 |  11.1
        D:5 |     687 |     274 |  28.5 |      14 |       1 |   6.7
        D:6 |    1199 |     281 |  19.0 |      13 |       1 |   7.1
        D:7 |    1514 |     403 |  21.0 |      19 |      10 |  34.5
        D:8 |    2375 |    2158 |  47.6 |      20 |       7 |  25.9
        D:9 |     689 |     368 |  34.8 |       9 |       2 |  18.2
       D:10 |    2623 |       0 |   0.0 |      17 |       0 |   0.0
       D:11 |    3143 |       0 |   0.0 |      29 |       0 |   0.0
       D:12 |    2978 |    3253 |  52.2 |      12 |       2 |  14.3
       D:13 |    4140 |    5460 |  56.9 |      11 |       9 |  45.0
       D:14 |   10195 |    2711 |  21.0 |      23 |       6 |  20.7
       D:15 |    6091 |    5360 |  46.8 |      10 |      11 |  52.4
     Lair:1 |    4937 |     183 |   3.6 |      19 |       1 |   5.0
     Lair:2 |    8124 |     618 |   7.1 |      38 |       4 |   9.5
     Lair:3 |    5090 |       0 |   0.0 |      13 |       0 |   0.0
     Lair:4 |    6757 |       0 |   0.0 |      27 |       0 |   0.0
     Lair:5 |   12992 |    8736 |  40.2 |      34 |      19 |  35.8
   Shoals:1 |   15355 |    1813 |  10.6 |      32 |       1 |   3.0
   Shoals:2 |    8077 |    1232 |  13.2 |      16 |       2 |  11.1
   Shoals:3 |   13411 |    5772 |  30.1 |      33 |      10 |  23.3
   Shoals:4 |   10974 |   18775 |  63.1 |      22 |      31 |  58.5
    Snake:1 |    5920 |       0 |   0.0 |      12 |       0 |   0.0
    Snake:2 |   20900 |       0 |   0.0 |      43 |       0 |   0.0
    Snake:3 |    8179 |       0 |   0.0 |      17 |       0 |   0.0
    Snake:4 |   17055 |   27543 |  61.8 |      33 |      38 |  53.5
      Orc:1 |    2714 |       0 |   0.0 |      25 |       0 |   0.0
      Orc:2 |    2528 |    8797 |  77.7 |      20 |      26 |  56.5
      Elf:1 |   30597 |   10941 |  26.3 |      46 |      18 |  28.1
      Elf:2 |   10743 |    5360 |  33.3 |      19 |       6 |  24.0
      Elf:3 |   17748 |       0 |   0.0 |      27 |       0 |   0.0
   Vaults:1 |   27470 |    2375 |   8.0 |      45 |       3 |   6.2
   Vaults:2 |   23040 |   20942 |  47.6 |      31 |      27 |  46.6
   Vaults:3 |   19553 |   39048 |  66.6 |      26 |      45 |  63.4
   Vaults:4 |   24934 |   12670 |  33.7 |      36 |      16 |  30.8
   Depths:1 |   28523 |    1155 |   3.9 |      32 |       2 |   5.9
   Depths:2 |   25138 |    3153 |  11.1 |      32 |       4 |  11.1
     Bailey |       0 |     842 | 100.0 |       0 |      27 | 100.0
      IceCv |       0 |    4105 | 100.0 |       0 |      12 | 100.0
    Volcano |       0 |    3031 | 100.0 |       0 |       6 | 100.0
            +---------+---------+-------+---------+---------+-------

Illustrated notes

Table legend:
 A = Kills in this place as a percentage of kills in entire the game.
 B = Kills by you in this place as a percentage of kills by you in the entire game.
 C = Kills by friends in this place as a percentage of kills by friends in the entire game.
 D = Other kills in this place as a percentage of other kills in the entire game.
 E = Experience gained in this place as a percentage of experience gained in the entire game.
 F = Experience gained in this place divided by the number of levels of this place that you have seen.
                   A       B       C       D       E      F
               +-------+-------+-------+-------+-------+----------------------
         Total | 100.0 | 100.0 | 100.0 | 100.0 | 100.0 | 13273.8
       Dungeon |  21.5 |  21.5 |   0.0 |  36.4 |   9.6 | 3746.4
          Lair |  12.5 |  12.5 |   0.0 |   9.1 |   8.1 | 9487.4
        Shoals |  11.8 |  12.0 |   0.0 |   0.0 |  12.9 | 18852.2
     Snake Pit |  11.5 |  11.5 |  33.3 |   9.1 |  13.6 | 19899.2
  Orcish Mines |   5.7 |   5.5 |  66.7 |   9.1 |   2.4 | 7019.5
   Elven Halls |   9.3 |   9.1 |   0.0 |  36.4 |  12.9 | 25129.7
        Vaults |  18.4 |  18.6 |   0.0 |   0.0 |  29.1 | 42508.0
        Depths |   5.6 |   5.7 |   0.0 |   0.0 |   9.9 | 19323.0
        Bailey |   2.2 |   2.2 |   0.0 |   0.0 |   0.1 | 842.0
      Ice Cave |   1.0 |   1.0 |   0.0 |   0.0 |   0.7 | 4105.0
       Volcano |   0.5 |   0.5 |   0.0 |   0.0 |   0.5 | 3031.0
               +-------+-------+-------+-------+-------+----------------------

Table legend: (Time is in decaauts)
 A = Elapsed time spent in this place.
 B = Non-inter-level travel time spent in this place.
 C = Inter-level travel time spent in this place.
 D = Time resting spent in this place.
 E = Time spent auto-exploring this place.
 F = Levels seen in this place.
 G = Mean time per level.
                   A        B        C        D        E       F      G
               +--------+--------+--------+--------+--------+-----+--------+
         Total |  48037 |  43638 |   4399 |   7671 |  25343 |  44 | 1091.8 |
       Dungeon |  15554 |  13720 |   1834 |   1357 |   9650 |  15 | 1036.9 |
          Lair |   6066 |   5262 |    804 |    538 |   3710 |   5 | 1213.2 |
        Shoals |   3537 |   3263 |    274 |    877 |    742 |   4 |  884.2 |
     Snake Pit |   6326 |   5834 |    492 |   1733 |   2567 |   4 | 1581.5 |
  Orcish Mines |   2633 |   2340 |    293 |    601 |   1213 |   2 | 1316.5 |
   Elven Halls |   3554 |   3312 |    242 |    680 |   1898 |   3 | 1184.7 |
        Vaults |   7328 |   6931 |    397 |   1169 |   4605 |   4 | 1832.0 |
        Depths |   1771 |   1712 |     59 |    371 |    585 |   3 |  590.3 |
          Hell |      1 |      1 |      0 |      0 |      0 |   1 |    1.0 |
        Bailey |    547 |    547 |      0 |     69 |    239 |   1 |  547.0 |
      Ice Cave |    536 |    536 |      0 |    275 |      0 |   1 |  536.0 |
       Volcano |    178 |    178 |      0 |      0 |    133 |   1 |  178.0 |
               +--------+--------+--------+--------+--------+-----+--------+

Top non-repeatable levels by time:
 Snake:4: 2461 daAuts
Vaults:1: 2049 daAuts
Vaults:2: 1946 daAuts
   Elf:1: 1917 daAuts
Vaults:3: 1813 daAuts
   Orc:2: 1746 daAuts
  Lair:2: 1742 daAuts
 Snake:2: 1651 daAuts
Vaults:4: 1518 daAuts
     D:7: 1452 daAuts
 Snake:1: 1445 daAuts
    D:13: 1422 daAuts
     D:8: 1416 daAuts
  Lair:3: 1265 daAuts
    D:14: 1231 daAuts
